[Event "FIDE Womens Candidates 2024"]
[Site "Toronto"]
[Date "2024.04.05"]
[Round "2.3"]
[White "Salimova, Nurgyul"]
[Black "Lei, Tingjie"]
[Result "1/2-1/2"]
[ECO "D27"]
[WhiteElo "2432"]
[BlackElo "2550"]
[Annotator "TA"]
[PlyCount "76"]
[EventDate "2024.04.02"]
[EventType "tourn"]
[EventCountry "CAN"]
[SourceTitle "playchess.com"]
[Source "ChessBase"]
[SourceQuality "1"]
[TimeControl "40/5400+30:1800+30"]

1. d4 d5 2. c4 dxc4 3. Nf3 Nf6 4. e3 e6 5. Bxc4 c5 6. O-O a6 7. b3 cxd4 8. Qxd4 Qxd4 9. Nxd4 b5 10. Be2 Bb7 11. Bb2 Nbd7 12. Nd2 Bb4 13. Bf3 Nd5 14. Ne4 {[%emt 0:19:34] The position is equal.} O-O 15. a4 bxa4 16. Rxa4 a5 17. Ba3 N7b6 {[%emt 0:05:19] [#]} 18. Bxb4 $1 Nxb4 19. Raa1 Bd5 20. Nc3 Bxf3 21. gxf3 Rfc8 22. Ne4 Nc2 23. Nxc2 Rxc2 24. Rfc1 Rxc1+ 25. Rxc1 $11 {[%emt 0:00:05][%mdl 4096] Endgame. KRN-KRN} Nd5 26. Rc5 h6 27. f4 a4 28. bxa4 Rxa4 29. Ng3 Ne7 30. f5 Nxf5 31. Nxf5 exf5 32. Rxf5 {[%emt 0:00:03] KR-KR} g6 33. Rc5 h5 34. Kg2 Rg4+ 35. Kf1 Rh4 36. Kg2 Rg4+ 37. Kf1 Rh4 38. Kg2 Rg4+ {[%emt 0:00:47] Weighted Error Value: White=0.02 (flawless) /Black=0.01 (flawless) .  OK:         	White=15    	Black=13     Strong:       	White=1     	---} 1/2-1/2

[Event "FIDE Womens Candidates 2024"]
[Site "Toronto"]
[Date "2024.04.07"]
[Round "4.3"]
[White "Salimova, Nurgyul"]
[Black "Koneru, Humpy"]
[Result "1-0"]
[ECO "E06"]
[WhiteElo "2432"]
[BlackElo "2546"]
[Annotator "TA"]
[PlyCount "123"]
[EventDate "2024.04.02"]
[EventType "tourn"]
[EventCountry "CAN"]
[SourceTitle "playchess.com"]
[Source "ChessBase"]
[SourceQuality "1"]
[TimeControl "40/5400+30:1800+30"]

1. d4 Nf6 2. c4 e6 3. Nf3 d5 4. g3 Be7 5. Bg2 Ne4 6. O-O {[%emt 0:01:29] E06: Closed Catalan: Early deviations.} f5 {[%emt 0:00:29] 6...f5 scores better than 6...0-0.} 7. b3 Nc6 8. Ba3 Bf6 9. e3 h5 10. Nfd2 h4 11. Nxe4 dxe4 12. Nc3 hxg3 13. hxg3 Qd7 14. Rc1 $146 ({Predecessor:} 14. Qc2 g5 15. Rfd1 Qh7 16. Kf1 Bd7 17. b4 O-O 18. b5 Ne7 19. Rac1 Be8 20. d5 {½-½ Chan,K (2326)-Borrmann,L (2292) Ceske Budejovice GM-B 2023 (7)}) 14... Qf7 15. f3 $1 exf3 16. Qxf3 Bd7 17. Nb5 Rc8 18. Rcd1 Qg6 19. Nc3 (19. Kf2 {simplifies} Qh5 20. Rh1 Qxf3+ 21. Bxf3 Rxh1 22. Rxh1 Kf7 23. Bh5+) 19... Kf7 20. Ne2 Qh6 21. e4 g5 22. Kf2 g4 (22... Qh5 $14) 23. Qc3 $16 fxe4 24. Ke1 Kg7 (24... Kg8 $142) 25. Bxe4 $16 Qg5 (25... Kg8 $16) 26. Bc1 $18 Qa5 27. Qxa5 Nxa5 28. Rf4 Rh2 29. Rxg4+ Kh8 30. Rg6 Bg7 31. Bf4 Nc6 32. g4 Rh3 33. Rg5 Rf8 34. Bg2 Rh7 35. Bxc7 Bh6 36. Rh5 Be8 37. Rh3 Bg6 38. Bd6 Rd8 39. Bf4 Bxf4 40. Nxf4 Rxh3 41. Bxh3 Bc2 42. Rd2 Rxd4 43. Nxe6 Re4+ 44. Kf2 Rxe6 45. Rxc2 Nb4 46. Rd2 Ra6 47. a4 Rb6 48. a5 Rf6+ 49. Kg3 b6 50. Rd7 bxa5 51. Rxa7 Nc6 (51... Ra6 $142 52. Rd7 Kg8) 52. g5 $18 Rg6 (52... Rf8 $142) 53. Ra8+ $18 Kg7 54. Kf4 Nd4 55. Rxa5 Nxb3 56. Ra7+ Kf8 57. Bg2 Rb6 58. Bd5 Nc5 59. Kf5 Rb1 60. g6 Rf1+ 61. Ke5 Rg1 62. Rf7+ 1-0

[Event "FIDE Womens Candidates 2024"]
[Site "Toronto"]
[Date "2024.04.10"]
[Round "6.1"]
[White "Salimova, Nurgyul"]
[Black "Goryachkina, Aleksandra"]
[Result "0-1"]
[ECO "E05"]
[WhiteElo "2432"]
[BlackElo "2553"]
[Annotator "TA"]
[PlyCount "120"]
[EventDate "2024.04.02"]
[EventType "tourn"]
[EventCountry "CAN"]
[SourceTitle "playchess.com"]
[Source "ChessBase"]
[SourceQuality "1"]
[TimeControl "40/5400+30:1800+30"]

1. d4 d5 2. c4 e6 3. Nf3 Nf6 4. g3 Be7 5. Bg2 O-O 6. O-O dxc4 7. Qc2 a6 8. a4 Bd7 9. Qxc4 Bc6 10. Bg5 Nbd7 11. Bxf6 Nxf6 12. Nc3 Qd6 {[%emt 0:07:22] The position is equal.} 13. Rac1 Rfd8 14. Rfd1 Rac8 15. e3 Bd5 16. Nxd5 exd5 17. Qb3 Rb8 18. Ne5 c6 19. Bh3 Qc7 20. Nd3 Bd6 21. Qc2 a5 22. Bg2 Re8 23. Nc5 g6 24. Rb1 Qe7 25. Rdc1 h5 26. Qe2 {[%emt 0:13:42] [#]} h4 $1 27. b4 (27. g4 Nd7) 27... axb4 28. a5 hxg3 29. hxg3 Ra8 30. Rxb4 Bxc5 31. dxc5 Rxa5 {[%emt 0:00:49][%cal Ob7b5] White must now prevent ...b5!} 32. Qb2 Rxc5 33. Rxc5 Qxc5 34. Rxb7 Qd6 35. Qb6 Ng4 36. Qc7 Qf6 37. Qf4 Qxf4 (37... Qa1+ {with more complications.} 38. Bf1 Ne5 39. Rb6 Qa7) 38. gxf4 $17 {[%emt 0:00:04][%mdl 4096] Endgame. KRB-KRN} Ra8 39. Bf3 Ra1+ 40. Kg2 Nf6 41. Rb6 Rc1 42. Kg3 Kg7 43. Kh4 (43. Kg2 $15) 43... Rc2 44. Kg3 Kf8 45. Rb1 Ke7 46. Rb7+ Ke6 47. Bg2 ({Better is} 47. Ra7) 47... Nh5+ 48. Kf3 f5 $1 49. Bh3 $2 {[%emt 0:02:54][%mdl 8192] Now White is beyond hope.} (49. Rc7 $17 {is more resistant.}) 49... Nf6 $19 50. Rg7 {[%emt 0:00:44] [#]} Ne4 $1 51. Rxg6+ {[%emt 0:00:05] [#]} (51. Kg2 $142 Kf6 (51... Nxf2 52. Rxg6+ Kf7 53. Bxf5 $11) (51... Rxf2+ $2 52. Kg1 $19) 52. Ra7) 51... Kf7 $1 52. Rg2 Kf6 53. Rh2 c5 54. Bf1 c4 {[%emt 0:00:31] ( -> ...Rd2)} 55. Be2 Rd2 {[%emt 0:01:24] Black mates.} 56. Rh6+ Ke7 57. Rh7+ Kd6 58. Rh6+ Kc5 59. Rh5 c3 60. Rxf5 c2 {[%emt 0:00:18] Weighted Error Value: White=0.53/Black=0.04 (flawless) .  Loses game:     	White=1     	---        Mistake:       	White=3     	---        Inaccurate:     	White=3     	Black=3      OK:         	White=14    	Black=12     Best:        	White=2     	Black=5      Strong:       	---       	Black=3      Brilliant:      	---       	Black=1} 0-1

[Event "FIDE Womens Candidates 2024"]
[Site "Toronto"]
[Date "2024.04.13"]
[Round "8.4"]
[White "Salimova, Nurgyul"]
[Black "Muzychuk, Anna"]
[Result "1/2-1/2"]
[ECO "E01"]
[WhiteElo "2432"]
[BlackElo "2520"]
[Annotator "ChessBase"]
[PlyCount "240"]
[EventDate "2024.04.02"]
[EventType "tourn"]
[EventCountry "CAN"]
[SourceTitle "playchess.com"]
[Source "ChessBase"]
[SourceQuality "1"]
[TimeControl "40/5400+30:1800+30"]

1. d4 d5 2. c4 e6 3. Nf3 Nf6 4. g3 c5 5. cxd5 cxd4 6. Qa4+ Bd7 7. Qxd4 Nxd5 8. Bg2 Nc6 9. Qd1 Be7 10. O-O O-O 11. a3 Qb6 12. e4 Nf6 13. Nc3 Rfd8 14. Qe2 Be8 15. Be3 Qa6 16. Qxa6 bxa6 17. h3 Nd7 18. Rfd1 Na5 19. Bf1 Nb3 20. Rab1 Ndc5 21. Nd4 Nxd4 22. Rxd4 Rxd4 23. Bxd4 a5 24. b4 axb4 25. axb4 Nb7 26. Ba6 Nd6 27. Bc5 Kf8 28. Rd1 Nc8 29. Nb5 Bxc5 30. Nc7 Bxb4 31. Nxa8 Nb6 32. Rb1 Ba5 33. Nc7 Bc6 34. f3 Nd7 35. Bb5 Bxc7 36. Bxc6 Ne5 37. Kg2 Nxc6 38. Rc1 Bxg3 39. Kxg3 Nd4 40. Rc8+ Ke7 41. Rc7+ Kf6 42. Rxa7 g5 43. Ra2 Nc6 44. h4 h6 45. f4 gxf4+ 46. Kxf4 Ne5 47. Ra5 Nd3+ 48. Kg4 Kg6 49. Rb5 h5+ 50. Kf3 f6 51. Ke3 Ne5 52. Rc5 Ng4+ 53. Kd4 Ne5 54. Rc3 Kf7 55. Kc5 Ng6 56. Kd6 Nxh4 57. Rh3 Ng6 58. Rxh5 Nf4 59. Rh7+ Kg6 60. Rh1 Kf7 61. Rg1 Nh3 62. Rf1 e5 63. Kd5 Nf4+ 64. Kd6 Nh3 65. Ra1 Ng5 66. Kd5 Nh3 67. Rh1 Ng5 68. Rf1 Nh3 69. Rf3 Ng5 70. Re3 Kg6 71. Kd6 f5 72. exf5+ Kxf5 73. Rxe5+ Kf4 74. Ra5 Ne4+ 75. Kd5 Nf6+ 76. Kd4 Ng4 77. Ra6 Kf5 78. Ra1 Nf6 79. Re1 Ng4 80. Rf1+ Ke6 81. Rf4 Nf6 82. Rh4 Kf5 83. Rh1 Ke6 84. Rf1 Nd7 85. Re1+ Kd6 86. Ra1 Ke6 87. Ra6+ Kf5 88. Rd6 Nf6 89. Rc6 Ng4 90. Rc1 Nf6 91. Re1 Ng4 92. Re2 Nf6 93. Re5+ Kf4 94. Ra5 Ng4 95. Ra1 Kf5 96. Rf1+ Ke6 97. Rf3 Nf6 98. Rf4 Nd7 99. Re4+ Kd6 100. Re1 Nf6 101. Re5 Nd7 102. Ra5 Ke6 103. Ra7 Nf6 104. Ra6+ Kf5 105. Rd6 Ng4 106. Rd7 Nf6 107. Re7 Ng4 108. Re4 Nf6 109. Re5+ Kf4 110. Ra5 Ng4 111. Rh5 Nf6 112. Rh1 Kf5 113. Re1 Ng4 114. Ra1 Nf6 115. Ra6 Ng4 116. Ra5+ Kf4 117. Kd5 Ne3+ 118. Ke6 Ke4 119. Ra4+ Kd3 120. Ke5 Nc4+ 1/2-1/2

[Event "FIDE Womens Candidates 2024"]
[Site "Toronto"]
[Date "2024.04.15"]
[Round "10.4"]
[White "Salimova, Nurgyul"]
[Black "Vaishali, Rameshbabu"]
[Result "0-1"]
[ECO "D90"]
[WhiteElo "2432"]
[BlackElo "2475"]
[Annotator "TA"]
[PlyCount "176"]
[EventDate "2024.04.02"]
[EventType "tourn"]
[EventCountry "CAN"]
[SourceTitle "playchess.com"]
[Source "ChessBase"]
[SourceQuality "1"]
[TimeControl "40/5400+30:1800+30"]

1. d4 Nf6 2. c4 g6 3. Nc3 d5 4. Nf3 Bg7 5. h4 O-O 6. cxd5 Nxd5 7. h5 c5 8. hxg6 {[%emt 0:00:43] White has an edge.} (8. dxc5 Nxc3 9. bxc3 Qxd1+ (9... Bxc3+ 10. Bd2 $15) 10. Kxd1 Bxc3 $17) 8... hxg6 9. Bh6 (9. dxc5 Nxc3 10. bxc3 Qxd1+ (10... Bxc3+ 11. Bd2 $17) 11. Kxd1 Bxc3 $17) 9... Bxh6 10. Rxh6 Nxc3 11. bxc3 Kg7 12. Qd2 cxd4 13. Rh4 (13. Nxd4 $2 e5 14. Rh1 exd4 $19) 13... Rh8 {[%emt 0:00:40] Against Qh6+} 14. Rxh8 (14. Rxd4 Qc7 15. g3 Nc6 $17) 14... Qxh8 15. cxd4 Nd7 16. e4 Nf6 17. Qf4 Bd7 18. Ng5 Rf8 19. Rb1 b6 20. f3 Qh6 21. Rc1 Nh7 (21... Kg8 $14) 22. Nh3 (22. Rc7 $1 $16) 22... Bxh3 $11 23. Qxh6+ Kxh6 24. gxh3 {[%emt 0:00:07][%mdl 4096] Endgame. KRB-KRN} Ng5 25. Kf2 Ne6 26. Ke3 Rd8 27. d5 Nc5 28. Bc4 e5 29. a4 a5 30. Bb5 f5 31. Rd1 Kg5 32. Bc6 Kf6 33. h4 Rh8 34. d6 f4+ (34... Rxh4 $2 35. d7 Nxd7 (35... f4+ $2 36. Kf2 $18) 36. Rxd7 $18) 35. Kf2 Ne6 (35... Rxh4 $2 36. d7 Nxd7 37. Rd6+ (37. Bxd7 Rh2+ 38. Kg1 Rb2 $18) 37... Kf7 38. Rxd7+ (38. Bxd7 Ke7 $18) 38... Kf8 39. Rd6 $18) 36. Rd5 Rc8 (36... Rxh4 $11 {keeps the balance.} 37. Be8 Rh2+ 38. Kg1 Rb2) 37. Bb5 $16 Rc2+ 38. Kf1 Rc1+ 39. Kg2 Nd8 40. d7 Ke6 {[%emt 0:00:00] Against Rd6+} 41. Rd2 {[%emt 0:05:31] Threatening Kh2.} Ke7 (41... Rc3 $1 $11) 42. Kh2 $1 Rc5 (42... Rc3 $16) 43. Rg2 $18 Kf7 {[%emt 0:01:33] [#]} 44. h5 $1 gxh5 45. Rg5 Ke7 46. Rxh5 Nc6 $2 (46... Ke6 47. Rh6+ Ke7 48. Rh7+ (48. Rxb6 Rc3 $18) 48... Ke6) 47. Rh7+ Kd8 48. Kh3 Kc7 49. Kg4 Nd8 50. Kf5 Rc3 51. Kxe5 {[%emt 0:02:45] Hoping for Kf6.} Rxf3 52. Rh1 {[%emt 0:04:04] White wants to mate with Rc1+.} Nb7 53. Kf6 Re3 54. e5 $2 (54. Rh8 $18 {Intending Rc8+ and mate.} Nd8 55. e5) 54... Nc5 $11 55. Rh7 (55. Kf5 $5 f3 $8 56. Rh3 $16 (56. Rd1 Kd8 $11)) 55... f3 56. Re7 f2 57. Kf7 {[%emt 0:00:17] Black must now prevent Ke8.} Rh3 58. e6 Nb7 $2 {[%emt 0:00:31][%mdl 8192] [#]} (58... Rh7+ $11 59. Kf8 Rh8+ 60. Kf7 (60. Kg7 Rh1 $11) 60... Rh7+ (60... Rh1 61. Kf8 $11) 61. Ke8 (61. Kf8 Rh6 $11) 61... Rh8+ 62. Kf7 Rh7+ (62... Rh1 63. Bc4 $11)) 59. d8=Q+ $2 Kxd8 60. Rd7+ Kc8 61. Rd1 Rf3+ 62. Kg6 Re3 63. Kf6 {[%emt 0:00:33] Strongly threatening e7.} Rf3+ (63... Re1 $5 64. e7 $8 Kc7 65. Rd7+ Kc8 $11) 64. Kg5 {[%emt 0:00:16] aiming for e7.} Re3 {[%emt 0:00:17][%cal Oe3e1] ...Re1! is the strong threat.} 65. Kf6 Rf3+ (65... Re1 $5 66. e7 $8 Kc7 67. Rd7+ Kc8 $11) 66. Ke7 (66. Kg6 $11 {remains equal.} Re3 67. Kf6) 66... Nc5 {[%emt 0:00:29] Threatens to win with ...Re3.} 67. Kd6 (67. Rf1 $17) 67... Re3 $1 $19 68. Bd7+ $2 (68. Bc4 Re1 (68... Nxa4 69. Rh1 $11) 69. Rd4) 68... Nxd7 69. exd7+ {[%emt 0:00:05] KR-KR} Kd8 70. Rf1 Re2 (70... Rf3 $142 71. Ke6 Rf4 72. Kd6 Rf7 (72... Rxa4 73. Rxf2 Rd4+ 74. Kc6 $11) 73. Ke6 Re7+ (73... Rxd7 74. Rxf2 Rd4 75. Ra2 $17) 74. Kd5 Rxd7+ (74... Kxd7 75. Rxf2 Rh7 76. Rf5 $15) 75. Kc6 Rf7 76. Kd5 Kd7 77. Ke5 Ke7 78. Kd5 Rf5+ 79. Ke4 Ke6 80. Ke3 Kd5 81. Ke2 Kc4 82. Ke3 Kb3 83. Ke4 Rf7 84. Kd4 Kxa4 85. Kc3 Rf3+ 86. Kd4 Kb3 87. Ke4 Rf7 88. Kd5 Kb2 89. Ke6 Rf3 90. Kd7 a4 91. Ke6 a3 92. Ke5 a2 93. Ke4 Rf7 (93... a1=R 94. Kxf3 Rxf1 95. Kg2 Rd1 96. Kxf2 Rd3 97. Ke1 b5 98. Ke2 Kc3 99. Kf2 b4 100. Kg2 b3 101. Kh2 b2 102. Kg2 b1=Q 103. Kf2 Qc2+ 104. Kg1 Rd1#) (93... a1=Q 94. Rxa1 Kxa1 95. Kxf3 f1=Q+ 96. Ke4 b5 97. Kd5 b4 98. Ke5 b3 99. Ke4 b2 100. Ke3 b1=Q 101. Kd4 Qf6+ 102. Kd5 Qd3+ 103. Kc5 Qfd6#) 94. Ke3 a1=Q (94... a1=B $2 95. Kd4 $19) 95. Rxf2+ Rxf2 96. Kxf2 Kc2 (96... Ka2 97. Kg3 Qe5+ 98. Kh4 b5 99. Kh3 b4 100. Kg4 b3 101. Kh3 b2 102. Kg2 b1=Q 103. Kf3 Qh1+ 104. Kg4 Qhh5#) 97. Kg3 Qf6 98. Kg4 Kd3 99. Kg3 Ke3 100. Kh2 Qg6 101. Kh1 Kf2 102. Kh2 Qh7#) 71. Kc6 Re6+ $1 72. Kd5 Rf6 (72... Kxd7 73. Rxf2 Re1 74. Rf7+ Ke8 75. Rb7 $11) 73. Ke5 Rf7 74. Ke6 Re7+ ({Weaker is} 74... Rxd7 75. Rxf2 Rd4 76. Ra2 $15) 75. Kd6 Rxd7+ 76. Kc6 {[%emt 0:00:03] [#]} Rf7 $1 {[%emt 0:00:26] ( -> ...Rf4)} 77. Kxb6 {[%emt 0:00:43] [#]} Rf5 $1 78. Kc6 Ke7 79. Kb6 Kd6 80. Ka6 Kc6 81. Rc1+ Rc5 $2 (81... Kd5 {mates} 82. Rf1 Kc4 83. Kb7 Kd3 (83... Kb4 $2 84. Kc8 $19) 84. Rd1+ Ke2 85. Ra1 f1=Q (85... f1=R $2 86. Ra2+ Kd3 87. Rh2 $19) 86. Rxf1 Rxf1 87. Kc7 Ra1 88. Kd7 Rxa4 89. Ke7 Rb4 90. Kf7 a4 91. Ke7 a3 92. Kd6 a2 93. Kc5 Rb1 (93... a1=R {is a self mate.} 94. Kxb4 Rc1 95. Kb3 Kd3 96. Kb4 Rc4+ 97. Ka5 Rc5+ 98. Kb6 Kc4 99. Ka6 Rc6+ 100. Ka7 Kb5 101. Kb7 Rc5 102. Ka7 Kc6 103. Ka6 Kc7 104. Ka7 Ra5#) 94. Kd5 a1=Q (94... a1=B 95. Kc4 Ke3 96. Kd5 Bd4 97. Kc4 Rb6 98. Kd5 Ra6 99. Kc4 Rd6 100. Kb5 Kd3 101. Kb4 Rb6+ 102. Ka4 Kc4 103. Ka5 Rh6 104. Ka4 Ra6#) 95. Ke6 Rb6+ 96. Kf5 Kf3 97. Kg5 Qg7+ 98. Kh5 Qh6#) 82. Rf1 $11 Rf5 $2 (82... Rc2 $11) 83. Rc1+ $1 Kd5 {[%emt 0:01:07] Black mates.} 84. Rf1 Kc4 85. Kb6 Kd3 86. Rxf2 Rxf2 87. Kxa5 Kc4 88. Kb6 Kb4 {[%emt 0:00:05] What a bad dream for White.   Weighted Error Value: White=0.27 (precise) /Black=0.22 (precise) .  Loses game:     	---       	Black=1      Missed win:     	White=1     	---        Mistake:       	White=4     	Black=5      Inaccurate:     	White=2     	Black=1      OK:         	White=24    	Black=23     Best:        	White=9     	Black=3      Strong:       	White=2     	Black=1      Brilliant:      	White=1     	---} 0-1

[Event "FIDE Womens Candidates 2024"]
[Site "Toronto"]
[Date "2024.04.18"]
[Round "12.1"]
[White "Salimova, Nurgyul"]
[Black "Tan, Zhongyi"]
[Result "1/2-1/2"]
[ECO "A11"]
[WhiteElo "2432"]
[BlackElo "2521"]
[Annotator "TA"]
[PlyCount "136"]
[EventDate "2024.04.02"]
[EventType "tourn"]
[EventCountry "CAN"]
[SourceTitle "playchess.com"]
[Source "ChessBase"]
[SourceQuality "1"]
[TimeControl "40/5400+30:1800+30"]

1. Nf3 d5 2. g3 Bf5 3. Bg2 e6 4. O-O Nf6 5. c4 c6 6. Qb3 Qb6 7. d3 {[%emt 0:00:27] A11: English Opening: 1...c6.} Nbd7 8. cxd5 Qxb3 9. axb3 exd5 10. Bd2 Bd6 11. b4 O-O 12. Na3 $146 ({Predecessor:} 12. Nd4 Bg6 13. b5 c5 14. Nb3 a6 15. Nc3 d4 16. Bxb7 Ra7 17. bxa6 dxc3 18. bxc3 {½-½ Banusz,T (2620)-Aczel,G (2515) SVK-chT 1920 2019 (5.6)}) 12... a6 13. Nc2 Ne5 14. Nfd4 Bd7 15. f4 Ng6 16. e4 dxe4 17. dxe4 Bc7 18. Nb3 Rad8 19. Bc3 Rfe8 20. Rfe1 Bc8 21. Nc5 h5 22. Ne3 Nf8 23. e5 Ng4 24. Nc4 Ne6 25. Rad1 b6 26. Nxe6 Bxe6 27. Nd6 b5 28. Bxc6 Re7 29. h3 Nh6 30. Kg2 Bb3 31. Rd4 Re6 32. Bf3 h4 $2 (32... Bxd6 $16 {was necessary.} 33. Rxd6 (33. exd6 Rxe1 34. Bxe1 Nf5 $16) 33... Rexd6 34. exd6 h4) 33. f5 (33. gxh4 Bxd6 34. Rxd6 (34. exd6 Nf5 $11) 34... Rexd6 35. exd6 f6 $11) 33... Re7 34. g4 (34. Rxh4 $6 Bxd6 35. f6 (35. exd6 Rxe1 36. Bxe1 Nxf5 $14) 35... gxf6 $16 (35... Nf5 $2 36. Rf4 $18)) (34. gxh4 f6 $16) 34... f6 35. Ne4 Rxd4 36. Bxd4 Bxe5 37. Nc5 Bc4 38. Bxe5 (38. Nxa6 Nf7 $16) 38... fxe5 $2 (38... Rxe5 {was called for.} 39. Rxe5 fxe5) 39. b3 (39. Nxa6 Nf7 $16) 39... Bf7 40. Be4 (40. Nxa6 Bxb3 41. Nc5 Bc4 $16) 40... Be8 41. g5 (41. Nxa6 Nf7 42. Bd5 Kf8 $18) 41... Nf7 42. Bd5 (42. Nxa6 Nxg5 43. Bd5+ Bf7 $17) 42... Kh8 43. f6 (43. Nxa6 Nxg5 44. Nc5 e4 $11) (43. Bxf7 $18 {has better winning chances.} Bxf7 44. g6 (44. Nxa6 e4 $11)) 43... gxf6 $16 44. gxf6 (44. Nxa6 Nxg5 45. Nb8 Ra7 $19) 44... Rc7 45. Kf2 a5 $2 (45... Kh7 $16 46. Rg1 (46. Nxa6 Rd7 $14) 46... Nd6) 46. Re4 axb4 47. Rxh4+ Kg8 48. Rg4+ Kh8 49. Nd3 Rd7 50. Bxf7 $2 (50. Nxb4 $18 {Threatens to win with Rh4+.} Nh6 51. Rh4) 50... Rxf7 $14 51. Rh4+ (51. Ke3 {simplifies} Rxf6 52. Nxe5 Rf1 53. Rxb4 Kg7 54. Rg4+) 51... Kg8 52. Rh6 Rc7 53. Nxe5 Rc5 54. Nd3 Rc2+ 55. Ke3 Rc3 56. Kd2 Rxb3 57. Rh4 Bg6 (57... Rb1 $11) 58. Ne5 $14 ({But not} 58. Nxb4 Kf7 $11) 58... Rb2+ 59. Ke3 Rb3+ $1 60. Kd4 Be8 61. Rg4+ Kf8 62. h4 ({Better is} 62. Rf4 $14 Rxh3 (62... Bf7 $2 63. Rh4 $18) 63. f7 Bxf7 64. Rxf7+ Ke8 65. Rb7) 62... Ra3 ({Black should play} 62... Rb1 $1 $11) 63. Rf4 (63. Rg7 $1 $14) 63... b3 $11 64. Kc3 Ra4 65. Rf3 Re4 66. f7 Rxe5 67. fxe8=Q+ Kxe8 68. Kxb3 Re4 1/2-1/2

[Event "FIDE Womens Candidates 2024"]
[Site "Toronto"]
[Date "2024.04.20"]
[Round "13.2"]
[White "Salimova, Nurgyul"]
[Black "Lagno, Kateryna"]
[Result "1/2-1/2"]
[ECO "E05"]
[WhiteElo "2432"]
[BlackElo "2542"]
[Annotator "TA"]
[PlyCount "88"]
[EventDate "2024.04.02"]
[EventType "tourn"]
[EventCountry "CAN"]
[SourceTitle "playchess.com"]
[Source "ChessBase"]
[SourceQuality "1"]
[TimeControl "40/5400+30:1800+30"]

1. Nf3 d5 2. g3 Nf6 3. Bg2 e6 4. O-O Be7 5. d4 O-O 6. c4 dxc4 7. Qc2 a6 8. a4 Nbd7 9. Nbd2 b6 10. Ne5 Nxe5 11. dxe5 Nd5 {[%emt 0:00:06] White has an edge.} 12. Nxc4 Bb7 13. Qe4 Qc8 14. Qg4 f5 15. exf6 Nxf6 16. Qh3 {[%emt 0:11:54] [#] Bxb7 is the strong threat.} Bxg2 17. Qxg2 Qe8 18. Bg5 Rd8 19. b3 Qh5 20. h4 h6 21. Bxf6 Bxf6 22. Ra2 Rd4 23. e3 Rg4 24. Nd2 Bxh4 25. Rc2 Qg6 26. Rc4 {[%emt 0:00:35] Black must now prevent Rxg4.} (26. Rxc7 $2 {too greedy.} Bxg3 27. fxg3 Rxg3 28. Rxf8+ Kxf8 29. Rc8+ Ke7 $19) 26... Bd8 27. Rfc1 Rxc4 28. Rxc4 c5 $36 {[%emt 0:01:12][%mdl 2048] White is under strong pressure.} 29. Re4 (29. Qe4 $17 Qf6 30. f4) 29... b5 30. axb5 axb5 31. Re5 {[%emt 0:01:14][%cal Og2c6] Inhibits Qf5.} Qd3 (31... Qc2 $142 32. Ne4 Qxb3 33. Rxc5 Qb1+ 34. Kh2 b4) 32. Ne4 (32. Nf1 $17 {might work better.}) 32... Qxb3 $19 {[%emt 0:01:20] Threatens to win with ...b4.} 33. Nxc5 $2 (33. Qh3 $17) 33... Qc3 34. Rh5 g6 35. Rxh6 Qxc5 36. Rxg6+ Kf7 37. Rh6 Qd5 (37... Qc1+ $19 38. Kh2 Qc2 (38... Kg7 $2 39. Rh5 $19)) 38. Qh3 $2 (38. Rh7+ $1 $15 Kf6 39. Qxd5 exd5 40. Rb7) 38... Bf6 39. Rh5 $2 (39. Rh7+ Kg8 40. Rc7) 39... Qd1+ 40. Kg2 Qd3 $2 (40... b4 41. Rh7+ Bg7 (41... Kg8 $2 42. Rc7 $19)) 41. Qg4 Rg8 42. Qf4 {[%emt 0:04:55] [#]} Rc8 {[%emt 0:03:29] Prevents Qc7+} (42... Qd7 $1 $19 {...Qc6+ would now be deadly.} 43. Rh7+ Rg7) 43. e4 $1 $11 Rc4 44. f3 (44. Rh7+ $1 $11 Kg8 45. Rh6 Qxe4+ 46. Qxe4 Rxe4 47. Rxf6) 44... Rc2+ {[%emt 0:15:16] Weighted Error Value: White=0.49/Black=0.38.  Loses game:     	White=2     	---        Missed win:     	---       	Black=1      Mistake:       	White=4     	Black=2      Inaccurate:     	White=3     	Black=1      OK:         	White=11    	Black=16     Best:        	White=1     	Black=3      Strong:       	White=1     	---} 1/2-1/2